 Dungeon Crawl Stone Soup version 0.28-a0-124-g73ec313a74 (webtiles) character file.

Game seed: 13579162774806097039

212 jisko22 the Chopper (level 5, -1/28 (38) HPs)
             Began as a Gnoll Wanderer on Aug 15, 2021.
             Was an Initiate of Gozag.
             Slain by a gnoll (4 damage)
             ... on level 4 of the Dungeon.
             The game lasted 00:07:07 (5266 turns).

jisko22 the Chopper (Gnoll Wanderer)                Turns: 5266, Time: 00:07:09

HP:   -1/28 (38)    AC:  9    Str: 15    XL:     5   Next: 89%
MP:   9/9           EV: 10    Int: 10    God:    Gozag
Gold: 628           SH:  0    Dex: 10    Spells: 10/10 levels left

rFire   . . .      SeeInvis .   a - +2 dagger
rCold   . . .      Faith    .   (no shield)
rNeg    . . .      Spirit   .   d - +0 ring mail
rPois   .          Reflect  .   (no helmet)
rElec   .          Harm     .   n - scarf {shadows}
rCorr   .          Rampage  .   k - +0 pair of gloves
Will    .....                   i - +1 pair of boots
Stlth   +.........              (no amulet)
HPRegen 0.09/turn               (no ring)
MPRegen 0.11/turn               (no ring)

@: gold aura, very heavily drained
A: fangs 1, strong nose, distributed training
a: Renounce Religion, Potion Petition, Call Merchant, Bribe Branch


You were on level 4 of the Dungeon.
You worshipped Gozag.
Gozag was pleased with you.
You visited 1 branch of the dungeon, and saw 4 of its levels.

You collected 628 gold pieces.

Inventory:

Hand Weapons
 a - a +2 dagger (weapon)
 c - a +0 hand axe
Missiles
 b - 3 curare-tipped darts (quivered)
 f - 30 sling bullets
Armour
 d - a +0 ring mail (worn)
 i - a +1 pair of boots (worn)
 k - a +0 pair of gloves (worn)
 n - a scarf of shadows (worn)
 p - a +0 kite shield
Magical Staves
 e - a staff of conjuration
Scrolls
 h - 2 scrolls of immolation
 j - a scroll of vulnerability
 o - a scroll of fog {unknown}
 q - a scroll of identify
Potions
 g - a potion of curing {unknown}
 l - 2 potions of brilliance
 m - a potion of attraction {unknown}
 r - a potion of might {unknown}


   Skills:
 + Level 1.6 Fighting
 + Level 1.6 Short Blades
 + Level 1.6 Long Blades
 + Level 6.7 Axes
 + Level 1.6 Maces & Flails
 + Level 1.6 Polearms
 + Level 1.6 Staves
 + Level 1.6 Slings
 + Level 1.6 Bows
 + Level 1.6 Crossbows
 + Level 3.1 Throwing
 + Level 4.8 Armour
 + Level 1.6 Dodging
 + Level 1.6 Stealth
 + Level 1.6 Shields
 + Level 1.6 Unarmed Combat
 + Level 3.2 Spellcasting
 + Level 1.3 Conjurations
 + Level 1.3 Hexes
 + Level 1.3 Summonings
 + Level 1.3 Necromancy
 + Level 1.3 Translocations
 + Level 1.3 Transmutations
 + Level 1.3 Fire Magic
 + Level 1.3 Ice Magic
 + Level 1.3 Air Magic
 + Level 1.3 Earth Magic
 + Level 4.0 Poison Magic
 + Level 1.9 Invocations
 + Level 3.1 Evocations


You had 10 spell levels left.
You didn't know any spells.
Your spell library was empty.

Dungeon Overview and Level Annotations

Branches:
Dungeon (4/15)
 Temple: D:4-7

Altars:
Gozag
Trog
Vehumet
Xom


Innate Abilities, Weirdness & Mutations

You have very sharp teeth.
Your uncanny sense of smell can sniff out nearby items.
Your experience applies equally to all skills.


Message History

You hit the gnoll but do no damage.
The gnoll is moderately wounded.
The gnoll barely misses you.
The gnoll hits you with a +2 flail of draining.
You feel drained.
You closely miss the gnoll.
The gnoll is moderately wounded.
The gnoll hits you but does no damage.
The gnoll hits you with a +2 flail of draining.
You feel drained.
You hit the gnoll. Your bite misses the gnoll.
The gnoll is heavily wounded.
The gnoll hits you but does no damage.
You barely miss the gnoll.
The gnoll is heavily wounded.
The gnoll hits you with a +2 flail of draining.
You feel drained.
You hit the gnoll but do no damage. Your bite misses the gnoll.
The gnoll is heavily wounded.
The gnoll closely misses you. The gnoll misses you.
You closely miss the gnoll.
The gnoll is heavily wounded.
The gnoll barely misses you. x2
You hit the gnoll.
The gnoll is almost dead.
The gnoll hits you with a +0 flail. The gnoll hits you but does no damage.
You feel drained.
You closely miss the gnoll.
The gnoll is almost dead.
The gnoll barely misses you.
The gnoll hits you with a +2 flail of draining.
You feel drained.
You hit the gnoll but do no damage.
The gnoll is almost dead.
The gnoll misses you.
The gnoll hits you with a +2 flail of draining!
* * * LOW HITPOINT WARNING * * *
You feel drained.
You die...
Your body crumbles into a pile of gold.

########
####......#
###.........######
...........<......
##.#........#####
#........#
#g#........g
#g#.####.#.# #@#.#
.#.# #g#.# .# #
#.#.# ... #.# $
#.# ...


You could see 3 gnolls.

Vanquished Creatures
  A centaur skeleton (D:2)
  Terence (D:3)
  3 adders
  4 gnolls
  2 worms
  3 dart slugs
  2 orcs (D:3)
  7 ball pythons
  5 endoplasms
  3 giant cockroaches (D:1)
  4 goblins
  5 hobgoblins
  10 jackals
  4 kobolds
  6 quokkas
  6 bats
  5 frilled lizards
  2 rats
73 creatures vanquished.

Vanquished Creatures (others)
  A plant (D:1)
1 creature vanquished.

Grand Total: 74 creatures vanquished

Notes
Turn   | Place    | Note
-------+----------+-------------------------------------------
     0 | D:1      | jisko22 the Gnoll Wanderer began the quest for the Orb.
     0 | D:1      | jisko22 set off with the following items: a +2 dagger, 3
                  | curare-tipped darts, a +0 hand axe, a +0 ring mail
     0 | D:1      | Reached XP level 1. HP: 13/13 MP: 4/4
    49 | D:1      | Found a faded altar of an unknown god.
    64 | D:1      | Became a worshipper of Gozag Ym Sagoz the Greedy
   662 | D:1      | Reached XP level 2. HP: 9/19 MP: 5/5
  1496 | D:1      | Reached XP level 3. HP: 21/25 MP: 7/7
  1919 | D:2      | Reached skill level 1 in Invocations
  1936 | D:2      | Reached skill level 1 in Fighting
  1936 | D:2      | Reached skill level 1 in Short Blades
  1936 | D:2      | Reached skill level 1 in Long Blades
  1936 | D:2      | Reached skill level 1 in Maces & Flails
  1936 | D:2      | Reached skill level 1 in Polearms
  1936 | D:2      | Reached skill level 1 in Staves
  1936 | D:2      | Reached skill level 1 in Slings
  1936 | D:2      | Reached skill level 1 in Bows
  1936 | D:2      | Reached skill level 1 in Crossbows
  1936 | D:2      | Reached skill level 1 in Dodging
  1936 | D:2      | Reached skill level 1 in Stealth
  1936 | D:2      | Reached skill level 1 in Shields
  1936 | D:2      | Reached skill level 1 in Unarmed Combat
  2468 | D:1      | Reached XP level 4. HP: 32/32 MP: 8/8
  2727 | D:2      | Reached skill level 1 in Conjurations
  2727 | D:2      | Reached skill level 1 in Hexes
  2727 | D:2      | Reached skill level 1 in Summonings
  2727 | D:2      | Reached skill level 1 in Necromancy
  2727 | D:2      | Reached skill level 1 in Translocations
  2727 | D:2      | Reached skill level 1 in Transmutations
  2727 | D:2      | Reached skill level 1 in Fire Magic
  2727 | D:2      | Reached skill level 1 in Ice Magic
  2727 | D:2      | Reached skill level 1 in Air Magic
  2727 | D:2      | Reached skill level 1 in Earth Magic
  3316 | D:3      | Found a shimmering altar of Xom.
  3317 | D:3      | Found a shimmering altar of Xom.
  3317 | D:3      | Found a shimmering altar of Xom.
  3319 | D:3      | Found a shimmering altar of Xom.
  3319 | D:3      | Found a shimmering altar of Xom.
  3320 | D:3      | Found a shimmering altar of Xom.
  3350 | D:3      | Reached XP level 5. HP: 27/37 MP: 9/9
  4315 | D:3      | Found a radiant altar of Vehumet.
  4601 | D:3      | Found a bloodstained altar of Trog.
  4756 | D:3      | Noticed Terence
  4767 | D:3      | Killed Terence
  5266 | D:4      | Slain by a gnoll

Illustrated notes

Levels and vault maps discovered:
D:1:      dpeg_arrival_tiny_i, layout_basic, dreamdust_ecumenical_altar_grove,
          hex_tiny
D:2:      layout_rooms, cheibrodos_gnoll_hut
D:3:      layout_loops_ring, xom_redecorated, mainiacjoe_overflow_catwalk,
          trog_butcher_becter, bh_walls_and_bars, uniq_terence
D:4:      layout_basic, serial_shops, shop, corexii_leaking_fountain,
          nicolae_shop_sticking_my_neck_out

Skill      XL: |  1  2  3  4  5 |
---------------+----------------+-----
Invocations    | 1 |  1.9
Fighting       | 1 |  1.6
Short Blades   | 1 |  1.6
Long Blades    | 1 |  1.6
Maces & Flails | 1 |  1.6
Polearms       | 1 |  1.6
Staves         | 1 |  1.6
Slings         | 1 |  1.6
Bows           | 1 |  1.6
Crossbows      | 1 |  1.6
Dodging        | 1 |  1.6
Stealth        | 1 |  1.6
Shields        | 1 |  1.6
Unarmed Combat | 1 |  1.6
Spellcasting   | 3 |  3.2
Conjurations   | 1 |  1.3
Hexes          | 1 |  1.3
Summonings     | 1 |  1.3
Necromancy     | 1 |  1.3
Translocations | 1 |  1.3
Transmutations | 1 |  1.3
Fire Magic     | 1 |  1.3
Ice Magic      | 1 |  1.3
Air Magic      | 1 |  1.3
Earth Magic    | 1 |  1.3
Throwing       | 3 |  3.1
Evocations     | 3 |  3.1
Poison Magic   | 4 |  4.0
Axes           | |  6.7
Armour         | |  4.8

Action                   |  1- 3 |  4- 6 || total
-------------------------+-------+-------++-------
Melee: Dagger            |   149 |   220 ||   369
       Bite              |    16 |    18 ||    34
       Punch             |       |     1 ||     1
Throw: Dart              |     1 |     1 ||     2
  Use: Scroll            |       |     3 ||     3
 Stab: Distracted        |     1 |       ||     1
Armor: Ring mail         |    60 |   139 ||   199
Dodge: Dodged            |    67 |   133 ||   200

Table legend: (Time is in decaauts)
 A = Elapsed time spent in this place.
 B = Non-inter-level travel time spent in this place.
 C = Inter-level travel time spent in this place.
 D = Time resting spent in this place.
 E = Time spent auto-exploring this place.
 F = Levels seen in this place.
 G = Mean time per level.
                   A        B        C        D        E       F      G
               +--------+--------+--------+--------+--------+-----+--------+
         Total |   5251 |   5177 |     74 |   2346 |   1987 |   4 | 1312.8 |
       Dungeon |   5251 |   5177 |     74 |   2346 |   1987 |   4 | 1312.8 |
               +--------+--------+--------+--------+--------+-----+--------+

Top non-repeatable levels by time:
     D:1: 2305 daAuts
     D:3: 1930 daAuts
     D:2: 978 daAuts
     D:4: 36 daAuts
